 Dungeon Crawl Stone Soup version 0.24.0-123-gd5b16e6ec5 (webtiles) character file.

Game seed: 14210007709094716142, levelgen mode: deterministic

8540 FishyPogo the Covered (level 11, -12/84 HPs)
             Began as a Demonspawn Skald on Jan 4, 2020.
             Was a High Priest of Sif Muna.
             Mangled by a manticore (13 damage)
             ... on level 11 of the Dungeon.
             The game lasted 01:06:49 (10626 turns).

FishyPogo the Covered (Demonspawn Skald)           Turns: 10626, Time: 01:06:50

Health: -12/84     AC: 13    Str: 14    XL:     11   Next: 11%
Magic:  18/18      EV: 11    Int: 17    God:    Sif Muna [*****.]
Gold:   283        SH:  0    Dex: 12    Spells: 2/20 levels left

rFire    + . .     SeeInvis +   l - +5 rapier "Zakat" {pierce, rN+++ MR- Dex-4 SInv}
rCold    + + +     Gourm    .   (no shield)
rNeg     + + +     Faith    +   I - +0 ring mail {rC+}
rPois    .         Spirit   .   O - +2 helmet {Int+3}
rElec    .         Reflect  .   n - scarf {rC+ rF+}
rCorr    .         Harm     .   i - +0 pair of gloves
MR       .....                  (boots unavailable)
Stlth    ++........             E - amulet of faith
HPRegen  1.24/turn              U - ring of stealth
MPRegen  0.16/turn              (no ring)

@: singing, barbed spikes, very slightly contaminated, regenerating
A: talons 3, thin metallic scales 1, agile 1, blurry vision 1, cold resistance
1, spiny 2, freezing cloud immunity
a: Channel Magic, Forget Spell, Divine Exegesis, Renounce Religion


You were on level 11 of the Dungeon.
You worshipped Sif Muna.
Sif Muna was extremely pleased with you.
You were not hungry.

You visited 1 branch of the dungeon, and saw 11 of its levels.
You also visited: Sewer.

You collected 535 gold pieces.
You spent 252 gold pieces at shops.

Inventory:

Hand Weapons
 a - a +4 short sword of electrocution
 l - the +5 rapier "Zakat" (weapon) {pierce, rN+++ MR- Dex-4 SInv}
   (You bought it in a shop on level 6 of the Dungeon)

   It inflicts extra damage upon your enemies.
   It affects your dexterity (-4).
   It renders you almost immune to negative energy.
   It affects your resistance to hostile enchantments.
   It lets you see invisible.
Missiles
 f - 376 stones
 q - 7 curare-tipped darts
 v - a boomerang
 A - 8 silver boomerangs
 G - 50 poisoned darts (quivered)
 M - 5 throwing nets
 V - 6 silver javelins
Armour
 b - a +1 leather armour
 i - a +0 pair of gloves (worn)
 n - a scarf of resistance (worn)
 r - a +0 robe of magic resistance
 F - a +2 plate armour of magic resistance
 I - a +0 ring mail of cold resistance (worn)
 K - a +0 leather armour of fire resistance
 L - a +0 leather armour
 N - a +2 scale mail of positive energy
 O - a +2 helmet of intelligence (worn)
Jewellery
 E - an amulet of faith (around neck)
 J - an uncursed ring of positive energy
 U - a ring of stealth (left hand)
Wands
 h - a wand of clouds (4)
 B - a wand of flame (20)
 Q - a wand of polymorph (13)
Scrolls
 c - 3 scrolls of fog
 e - 4 scrolls of amnesia
 g - 12 scrolls of identify
 k - 4 scrolls of remove curse
 o - a scroll of enchant weapon {unknown}
 p - a scroll of silence {unknown}
 u - 6 scrolls of teleportation
 x - 2 scrolls of fear {unknown}
 y - a scroll of blinking {unknown}
 R - a scroll of acquirement {unknown}
 S - a scroll of magic mapping
 T - a scroll of torment {unknown}
Potions
 j - 5 potions of degeneration
 m - 2 potions of lignification
 s - a potion of cancellation {unknown}
 t - 4 potions of curing
 w - a potion of magic
 z - a potion of haste {unknown}
 C - a potion of resistance {unknown}
 D - 2 potions of ambrosia
 H - 2 potions of might
 P - 2 potions of agility {unknown}
Comestibles
 d - 14 rations
 W - 5 chunks of flesh


   Skills:
 - Level 7.0 Fighting
 - Level 6.1 Short Blades
   Level 2.0 Axes
 + Level 7.3 Armour
 - Level 2.0 Dodging
 + Level 5.0 Spellcasting
 * Level 1.8 Conjurations
 - Level 4.0 Hexes
 - Level 5.0 Charms
 - Level 5.0 Necromancy
 * Level 5.5 Air Magic
 - Level 4.0 Invocations


You had 2 spell levels left.
You knew the following spells:

 Your Spells              Type           Power        Failure   Level  Hunger
a - Shock                 Conj/Air       ###.         6%          1    None
c - Airstrike             Air            ###.......   26%         4    ####...
h - Regeneration          Chrm/Necr      ###.......   10%         3    ###....
k - Swiftness             Chrm/Air       ###.....     4%          2    #......
n - Spectral Weapon       Hex/Chrm       ###.....     12%         3    ###....
p - Shroud of Golubria    Chrm/Tloc      ##....       14%         2    #......
u - Song of Slaying       Chrm           ###.....     4%          2    #......
y - Infusion              Chrm           ###.         3%          1    None

Your spell library contained the following spells:

 Spells                   Type           Power        Failure   Level  Hunger
 Confusing Touch          Hex            ###...       4%          1    None
 Slow                     Hex            ###.....     8%          2    #......
 Magic Dart               Conj           ##..         12%         1    None
 Poisonous Vapours        Pois/Air       ##....       13%         2    #......
 Throw Flame              Conj/Fire      #.....       26%         2    #......
 Blink                    Tloc           N/A          36%         2    #......
 Call Imp                 Summ           #.......     36%         2    #......
 Confuse                  Hex            ###.....     16%         3    ###....
 Static Discharge         Conj/Air       ###.....     17%         3    ###....
 Mephitic Cloud           Conj/Pois/Air  ##......     28%         3    ###....
 Conjure Flame            Conj/Fire      #.......     47%         3    ###....
 Gell's Gravitas          Tloc           #.........   61%         3    ###....
 Fulminant Prism          Conj/Hex       ##........   61%         4    ####...
 Lightning Bolt           Conj/Air       ###.......   85%         5    ######.
 Petrify                  Tmut/Erth      #.......     95%         4    ####...
 Metabolic Englaciation   Hex/Ice        ##........   97%         5    ######.
 Yara's Violent Unravell  Hex/Tmut       ##........   97%         5    ######.
 Irradiate                Conj/Tmut      #.........   99%         5    ######.
 Conjure Ball Lightning   Conj/Air       ###.......   100%        6    #######
 Freezing Cloud           Conj/Ice/Air   ##........   100%        6    #######
 Hydra Form               Tmut           #.........   100%        6    #######
 Statue Form              Tmut/Erth      #........    100%        6    #######
 Dragon Form              Tmut           #.........   100%        7    #######


Dungeon Overview and Level Annotations

Branches:
Dungeon (11/15)            Temple (0/1) D:7            Lair (0/6) D:9
    Orc (0/2) D:10          Sewer (visited)

Altars:
Ashenzari
Dithmenos
Fedhas
Makhleb
Nemelex Xobeh
Sif Muna
Uskayaw
Xom
Zin

Shops:
D:2 *   D:6 *

Annotations:
D:9 1 runed translucent door


Innate Abilities, Weirdness & Mutations

You have claws for feet.
You are partially covered in thin metallic scales. (AC +2)
Your flesh is cold resistant. (rC+)
You are mostly covered in sharp spines.
You are immune to freezing clouds.
You are agile. (Dex +2)
Scrolls take you a little longer to read.


Message History

The centaur skeleton closely misses your spectral weapon.
The centaur skeleton hits your spectral weapon but does no damage.
Your ring mail prevents you from hitting the manticore.
Your kick misses the manticore.
The manticore is lightly wounded.
Your spectral weapon hits the manticore!
The centaur skeleton closely misses your spectral weapon.
The manticore is struck by your spines. The manticore bites you!
* * * LOW HITPOINT WARNING * * *
The manticore claws you but does no damage.
The manticore claws you!
* * * LOW HITPOINT WARNING * * *
Unknown command.
Unknown command.
It was a potion of magic.
Magic courses through your body.
The centaur skeleton hits your spectral weapon.
Your spectral weapon shares its damage with you!
* * * LOW HITPOINT WARNING * * *
The manticore is struck by your spines. The manticore bites you!
You die...

#.......#
#.##.##.#
#.##.##.# ..#
#.#.<##.# ..#
#.#.###.# . h.#
#.#.# #.# ..##g.#
#.#.###.# .......
#.......#
.......##@..#####
.......#H(#.###
........oZ......
......#....#####
.....#..#..#
......####.# ...
.. #.# .. .. .# .
... .#


You could see a manticore, an orc, a centaur skeleton and a friendly spectral +5
rapier "Zakat" {pierce, rN+++ MR- Dex-4 SInv}.

Vanquished Creatures
  The ghost of Qaposes the Fighter, a journeyman DsAK of Lugonu (D:10)
  Harold (D:7)
  Joseph (D:7)
  A hornet (D:9)
  A hippogriff (D:10)
  Sigmund (D:5)
  Grum (D:11)
  A hungry ghost (D:10)
  A steam dragon (D:8)
  2 water moccasins
  An ice beast (D:6)
  4 orc warriors
  A black bear (D:9)
  2 phantoms
  4 centaurs
  3 wolves (D:11)
  6 ogres
  A necrophage (D:6)
  7 bullfrogs
  10 big kobolds
  2 scorpions
  10 killer bees
  A jelly (D:5)
  8 wights (D:8)
  3 crimson imps
  A bullfrog zombie (D:10)
  9 orc priests
  2 bullfrog skeletons
  7 hounds
  Terence (D:2)
  An iguana (D:9)
  15 orc wizards
  5 worker ants
  A worker ant zombie (D:10)
  13 adders
  A howler monkey skeleton (D:8)
  3 river rats (Sewer)
  2 shadow imps
  8 oozes
  4 adder skeletons
  7 worms
  2 dart slugs
  10 leopard geckos
  62 orcs
  12 giant cockroaches
  9 hobgoblins
  13 jackals
  23 kobolds
  4 quokkas
  2 ball pythons (Sewer)
  7 bats
  4 frilled lizards
  14 goblins
  A leopard gecko skeleton (D:4)
  2 leopard gecko zombies
  2 quokka zombies
  14 rats
335 creatures vanquished.

Vanquished Creatures (others)
  An adder (D:7)
  2 spectral weapons (D:10)
3 creatures vanquished.

Grand Total: 338 creatures vanquished

Notes
Turn   | Place    | Note
-------+----------+-------------------------------------------
     0 | D:1      | FishyPogo the Demonspawn Skald began the quest for the Orb.
     0 | D:1      | Reached XP level 1. HP: 16/16 MP: 3/3
    44 | D:1      | Reached skill level 1 in Armour
   128 | D:1      | Gained mutation: You have sharp toenails. [demonic
                  | ancestry]
   128 | D:1      | Reached XP level 2. HP: 8/22 MP: 1/5
   222 | D:1      | Learned a level 2 spell: Song of Slaying
   231 | D:1      | Learned a level 2 spell: Shroud of Golubria
   766 | D:1      | Gained mutation: You are partially covered in thin metallic
                  | scales. (AC +2) [demonic ancestry]
   766 | D:1      | Reached XP level 3. HP: 28/28 MP: 2/6
  1286 | D:2      | Noticed Terence
  1393 | D:2      | Killed Terence
  1393 | D:2      | Gained mutation: You are partially covered in sharp spines.
                  | [demonic ancestry]
  1393 | D:2      | Reached XP level 4. HP: 19/35 MP: 0/7
  1637 | D:2      | Found Zin's Purification Station.
  1639 | D:2      | Found a glowing silver altar of Zin.
  1947 | D:2      | Noticed a centaur
  1953 | D:2      | Gained mutation: Scrolls take you a little longer to read.
                  | [potion of mutation]
  1953 | D:2      | Gained mutation: You are agile. (Dex +2) [potion of
                  | mutation]
  1961 | D:2      | Killed a centaur
  1961 | D:2      | Reached skill level 1 in Short Blades
  1961 | D:2      | Gained mutation: You have razor-sharp toenails. [demonic
                  | ancestry]
  1961 | D:2      | Reached XP level 5. HP: 37/41 MP: 5/8
  2301 | D:3      | Reached XP level 6. HP: 45/48 MP: 6/9
  2312 | D:3      | Identified a +0 pair of boots of running (You found it on
                  | level 3 of the Dungeon)
  2368 | D:3      | Found a burning altar of Makhleb.
  2460 | D:3      | Found a glowing drain.
  2492 | Sewer    | Entered a sewer
  2768 | Sewer    | Gained mutation: Your flesh is cold resistant. (rC+)
                  | [demonic ancestry]
  2768 | Sewer    | Reached XP level 7. HP: 29/55 MP: 1/10
  3303 | Sewer    | Reached skill level 5 in Fighting
  3821 | D:4      | Learned a level 1 spell: Shock
  3862 | D:4      | Found a shattered altar of Ashenzari.
  3865 | D:4      | Found a shimmering blue altar of Sif Muna.
  3889 | D:5      | Entered Level 5 of the Dungeon
  3957 | D:5      | Gained mutation: You are immune to freezing clouds.
                  | [demonic ancestry]
  3957 | D:5      | Reached XP level 8. HP: 50/62 MP: 1/11
  4078 | D:5      | Reached skill level 5 in Short Blades
  4249 | D:5      | Reached skill level 5 in Armour
  4567 | D:4      | Found a shadowy altar of Dithmenos.
  4567 | D:4      | Found a blossoming altar of Fedhas.
  4575 | D:4      | Became a worshipper of Sif Muna the Loreminder
  4580 | D:4      | Learned a level 3 spell: Regeneration
  4872 | D:4      | Reached skill level 1 in Necromancy
  4906 | D:4      | Found a sparkling altar of Nemelex Xobeh.
  5502 | D:4      | Learned a level 2 spell: Swiftness
  5973 | D:5      | Noticed Sigmund
  5998 | D:5      | Reached * piety under Sif Muna
  6080 | D:5      | Killed Sigmund
  6160 | D:5      | Gained mutation: You have claws for feet. [demonic
                  | ancestry]
  6160 | D:5      | Reached XP level 9. HP: 56/71 MP: 9/12
  6355 | D:6      | Reached skill level 1 in Air Magic
  6794 | D:6      | Found Asaereq's Assorted Antiques.
  6797 | D:6      | Bought a jewelled rapier for 252 gold pieces
  6797 | D:6      | Identified the +5 rapier "Zakat" {pierce, rN+++ MR- Dex-4
                  | SInv} (You bought it in a shop on level 6 of the Dungeon)
  6855 | D:6      | Reached ** piety under Sif Muna
  7075 | D:6      | Reached skill level 5 in Necromancy
  7081 | D:6      | Learned a level 3 spell: Spectral Weapon
  7368 | D:7      | Reached skill level 1 in Hexes
  7520 | D:7      | Found a staircase to the Ecumenical Temple.
  7549 | D:7      | Reached *** piety under Sif Muna
  7585 | D:7      | Found a hide-covered altar of Uskayaw.
  7647 | D:7      | Noticed Joseph
  7659 | D:7      | Killed Joseph
  7659 | D:7      | Gained mutation: You are mostly covered in sharp spines.
                  | [demonic ancestry]
  7659 | D:7      | Reached XP level 10. HP: 70/79 MP: 5/15
  8022 | D:7      | Noticed Harold
  8040 | D:7      | Killed Harold
  9087 | D:9      | Found a runed translucent door.
  9134 | D:9      | Reached **** piety under Sif Muna
  9198 | D:9      | Reached skill level 5 in Charms
  9332 | D:9      | Found a staircase to the Lair.
  9355 | D:9      | Reached skill level 1 in Invocations
  9706 | D:10     | Entered Level 10 of the Dungeon
  9855 | D:10     | Learned a level 4 spell: Airstrike
  9864 | D:10     | Reached skill level 5 in Air Magic
  9955 | D:10     | Reached ***** piety under Sif Muna
 10126 | D:10     | Found a shimmering altar of Xom.
 10182 | D:10     | Identified Sif Muna's Reference Book on Harmful Lightness
                  | (Sif Muna gifted it to you on level 10 of the Dungeon)
 10182 | D:10     | Received a gift from Sif Muna
 10191 | D:10     | Found a staircase to the Orcish Mines.
 10270 | D:10     | Found a runed translucent door.
 10273 | D:10     | Noticed Qaposes's ghost (journeyman DsAK)
 10311 | D:10     | Killed Qaposes's ghost
 10311 | D:10     | Reached skill level 1 in Conjurations
 10311 | D:10     | Reached XP level 11. HP: 45/84 MP: 11/18
 10600 | D:11     | Noticed Grum
 10616 | D:11     | Killed Grum
 10616 | D:11     | Reached skill level 5 in Spellcasting
 10625 | D:11     | HP: 1/84 [manticore (8)]
 10626 | D:11     | Mangled by a manticore

Levels and vault maps discovered:
D:1:      wander_arrival_desolate, layout_rooms, amethyst_killhole,
          minmay_tetromino_o2
D:2:      layout_loops_ring, zin_purify, uniq_terence
D:3:      minmay_angry_zag, layout_basic, gup_sewer_entry_glass,
          minmay_misc_feat_diagonals, bloody_makhleb
D:4:      layout_loops_cross, nicolae_overflow_hidden_temple, st_stairs_11,
          nemelex_spade_bored_becter
D:5:      layout_basic, first_ration, uniq_sigmund
D:6:      layout_loops_ring, serial_shops, kennysheep_mini_moat,
          minmay_fountain_box
D:7:      layout_basic, old_standard_altar, minmay_temple_entry_tees,
          uniq_harold, uniq_joseph
D:8:      layout_basic
D:9:      layout_basic, dpeg_oklobed_lair, grunt_ogre_cave,
          lightli_church_of_beogh
D:10:     layout_long_grid, erik_orc_3, gammafunk_ghost_grave, basic_altar
D:11:     layout_loops_corners, kennysheep_decorative_pillar, uniq_grum,
          uniq_nergalle, uniq_psyche

Skill      XL: |  1  2  3  4  5  6  7  8  9 10 11 |
---------------+----------------------------------+-----
Armour         | 1 2 3 4 6 7 |  7.3
Axes           | 2 |  2.0
Dodging        | 2 |  2.0
Charms         | 3 4 5 |  5.0
Fighting       | 3 4 5 6 7 |  7.0
Short Blades   | 1 2 3 4 5 6 |  6.1
Necromancy     | 2 5 |  5.0
Air Magic      | 3 5 |  5.5
Spellcasting   | 3 4 5 |  5.0
Hexes          | 2 4 |  4.0
Invocations    | 4 |  4.0
Conjurations   | 1 |  1.8

Action                   |  1- 3 |  4- 6 |  7- 9 | 10-12 || total
-------------------------+-------+-------+-------+-------++-------
Melee: Hand axe          |    81 |       |       |       ||    81
       Kick              |    17 |    11 |    32 |    38 ||    98
       War axe           |    16 |       |       |       ||    16
       Short sword       |       |    69 |     4 |       ||    73
       Whip              |       |   124 |   439 |       ||   563
       Rapier            |       |       |    86 |   195 ||   281
Throw: Stone             |    15 |    31 |    76 |       ||   122
       Dart              |       |       |     3 |     3 ||     6
 Cast: Infusion          |     5 |     2 |    15 |     3 ||    25
       Shroud of Golubri |     5 |    19 |    41 |    19 ||    84
       Song of Slaying   |       |     4 |     5 |     8 ||    17
       Shock             |       |       |    52 |    25 ||    77
       Regeneration      |       |       |     6 |    12 ||    18
       Spectral Weapon   |       |       |     5 |    14 ||    19
Invok: Channel Magic     |       |       |     1 |       ||     1
  Use: Potion            |       |     4 |     1 |     2 ||     7
       Scroll            |       |     4 |     3 |     1 ||     8
 Stab: Sleeping          |       |       |     2 |       ||     2
       Distracted        |       |       |       |     3 ||     3
  Eat: Chunk             |     2 |     7 |    21 |    13 ||    43
       Ration            |       |       |     1 |       ||     1
Armor: Leather armour    |    41 |    45 |   150 |       ||   236
       Skin              |       |    13 |       |       ||    13
       Robe              |       |       |     5 |       ||     5
       Ring mail         |       |       |       |    75 ||    75
Dodge: Dodged            |    81 |    89 |   266 |    85 ||   521
